 Dungeon Crawl Stone Soup version 0.29-a0-824-gd827844252 (webtiles) character file.

Game seed: 14457816133647138222

151 Malachi the Cutter (level 5, -1/51 HPs)
             Began as an Octopode Brigand on July 10, 2022.
             Succumbed to a gnoll's poison
             ... on level 2 of the Dungeon.
             The game lasted 00:03:38 (2931 turns).

Malachi the Cutter (Octopode Brigand)               Turns: 2931, Time: 00:03:39

Health: -1/51      AC:  1    Str: 10 (11) XL:     5   Next: 33%
Magic:  5/5        EV: 16    Int: 10 (13) God:
Gold:   164        SH:  0    Dex: 12 (15) Spells: 4/4 levels left

rFire   . . .      SeeInvis .   x - +7 Spriggan's Knife {stab, EV+4 Stlth+}
rCold   . . .      Faith    .   (no shield)
rNeg    . . .      Spirit   .   (helmet restricted)
rPois   .          Reflect  .   (no amulet)
rElec   .          Harm     .   (no ring)
rCorr   .          Rampage  .   (no ring)
Will    .....                   (no ring)
Stlth   ..........              (no ring)
HPRegen 0.17/turn               (no ring)
MPRegen 0.09/turn               (no ring)
                                (no ring)
                                (no ring)

@: berserking, lethally poisoned (-1 -> -12), very quick
A: almost no armour, amphibious, 8 rings, camouflage 1, gelatinous body 1,
(nimble swimmer 1), tentacles
a: no special abilities


You were on level 2 of the Dungeon.
You visited 1 branch of the dungeon, and saw 3 of its levels.

You collected 164 gold pieces.

Inventory:

Hand Weapons
 a - a +2 dagger
 r - a +2 short sword of venom
 x - the +7 Spriggan's Knife (weapon) {stab, EV+4 Stlth+}
   (You found it on level 3 of the Dungeon)

   It is more effective when stabbing unaware enemies, sometimes treating them
   as though they were completely helpless.
   EV:        It affects your evasion (+4).
   Stlth:     It makes you more stealthy.
Missiles
 b - 9 poisoned darts (quivered)
 c - 3 curare-tipped darts
 k - 17 atropa-tipped darts
Scrolls
 f - 2 scrolls of noise {unknown}
 h - 4 scrolls of identify {unknown}
 i - a scroll of brand weapon {unknown}
 m - 2 scrolls of magic mapping {unknown}
 o - a scroll of enchant armour {unknown}
 p - 5 scrolls of teleportation {unknown}
 s - a scroll of vulnerability {unknown}
 t - a scroll of blinking {unknown}
 v - 2 scrolls of fog {unknown}
 w - a scroll of enchant weapon {unknown}
 y - 2 scrolls of fear {unknown}
 z - a scroll of immolation {unknown}
Potions
 e - 2 potions of degeneration
 g - 2 potions of might {unknown}
 j - a potion of attraction {unknown}
 l - a potion of curing {unknown}
 n - 2 potions of heal wounds {unknown}
 q - 2 potions of ambrosia {unknown}
 u - 2 potions of haste {unknown}


   Skills:
 - Level 2.0 Fighting
 * Level 5.4 Short Blades
 - Level 2.0 Throwing
 - Level 1.0 Dodging
 - Level 5.3 Stealth


You had 4 spell levels left.
You didn't know any spells.
Your spell library was empty.

Dungeon Overview and Level Annotations

Branches:
Dungeon (3/15)

Altars:
Dithmenos
Gozag
Trog

Shops:
D:2 *

Annotations:
D:2 exclusion: gnoll


Innate Abilities, Weirdness & Mutations

You cannot wear most types of armour.
You are amphibious.
You can wear up to eight rings at the same time.
Your skin changes colour to match your surroundings (Stealth+).
Your rubbery body absorbs attacks. (AC +1, EV +1)
((You are camouflaged when in or above water. (Stealth+)))
You have tentacles for arms and can constrict up to eight enemies at once.


Message History

The gnoll shouts!
You puncture the gnoll! Your grab misses the gnoll.
The gnoll is heavily wounded.
You hear a shout! x3
The gnoll hits you with a +0 club.
You hit the gnoll. Your grab misses the gnoll.
The gnoll is severely wounded.
You hit the gnoll.
You kill the gnoll!
The gnoll closely misses you.
The gnoll hits you with a +2 halberd of venom!
You are lethally poisoned!
You puncture the gnoll! You grab the gnoll. You squeeze the gnoll.
You kill the gnoll!
You feel very sick. The gnoll completely misses you.
You closely miss the gnoll. You grab the gnoll. You squeeze the gnoll.
The gnoll is heavily wounded.
You constrict the gnoll, but do no damage.
* * * LOW HITPOINT WARNING * * *
You feel very sick. The gnoll hits you with a +0 club.
* * * LOW HITPOINT WARNING * * *
It was a potion of degeneration.
There was something very wrong with that liquid.
You feel weakened.
You feel dopey.
You feel clumsy.
You constrict the gnoll, but do no damage.
* * * LOW HITPOINT WARNING * * *
You feel very sick. The gnoll misses you. The gnoll barely misses you.
It was a potion of berserk rage.
A red film seems to cover your vision as you go berserk!
You feel yourself moving faster!
You feel mighty!
You constrict the gnoll.
* * * LOW HITPOINT WARNING * * *
You feel very sick. The gnoll closely misses you.
The gnoll completely misses you.
You puncture the gnoll! Your grab misses the gnoll.
The gnoll is severely wounded.
You constrict the gnoll, but do no damage.
You die...

........#####
........g...#
...........g#######
......†...g......>#
>....#########.#..#
...$.# ##....#
.....# #...).#
.gg..# ####gg#
...### #@.#


.gg #..# g.g #..# ...###+#### #..# .g........# ####..# #.......# #.....#
#.......# #.###.# #.....[.# #.# #.# #######..####.# #.# You could see 2 gnolls.

Vanquished Creatures
  2 gnolls (D:2)
  6 adders
  5 dart slugs
  4 orcs (D:3)
  7 endoplasms
  A giant cockroach (D:1)
  8 goblins
  3 hobgoblins
  A jackal (D:3)
  4 kobolds
  2 quokkas (D:2)
  4 ball pythons
  7 bats
  4 frilled lizards
  9 rats
  A spectral kobold (D:1)
68 creatures vanquished.

Notes
Turn   | Place    | Note
-------+----------+-------------------------------------------
     0 | D:1      | Malachi the Octopode Brigand began the quest for the Orb.
     0 | D:1      | Reached XP level 1. HP: 14/14 MP: 1/1
   185 | D:1      | Reached XP level 2. HP: 19/19 MP: 2/2
   205 | D:1      | Found a faded altar of an unknown god.
   878 | D:1      | Reached XP level 3. HP: 21/24 MP: 3/3
  1267 | D:2      | Reached XP level 4. HP: 29/29 MP: 4/4
  2130 | D:3      | Found a bloodstained altar of Trog.
  2187 | D:3      | Found the +7 Spriggan's Knife {stab, EV+4 Stlth+}
  2330 | D:3      | Found an opulent altar of Gozag.
  2540 | D:3      | Found a shadowy altar of Dithmenos.
  2600 | D:3      | Reached skill level 5 in Short Blades
  2758 | D:2      | Reached XP level 5. HP: 34/34 MP: 5/5
  2827 | D:2      | Found Vunoz's General Store.
  2930 | D:2      | HP: 1/51 [poisoned by a gnoll]
  2931 | D:2      | Succumbed to a gnoll's poison

Illustrated notes

Levels and vault maps discovered:
D:1:      wander_arrival_desolate, layout_basic,
          dreamdust_ecumenical_altar_drowned_temple, kennysheep_nondescript
D:2:      layout_basic, serial_shops, nicolae_shop_advertising_works
          [nicolae_subvault_shop_adworks], chequers_serial_rivers_micro_d
D:3:      minmay_wonky_spiral, layout_rooms, lemuel_coloured_pillars_altar,
          lightli_temple_of_fire, nicolae_gozag_cash_rules_everything_around_me

Skill      XL: |  1  2  3  4 |
---------------+-------------+-----
Short Blades   | 3 4 5 |  5.4
Fighting       | |  2.0
Throwing       | |  2.0
Dodging        | |  1.0
Stealth        | |  5.3

Action                   |  1- 3 |  4- 6 || total
-------------------------+-------+-------++-------
Melee: Dagger            |    60 |    14 ||    74
       Constrict         |    18 |    12 ||    30
       Tentacles         |    12 |    16 ||    28
       Knife             |       |    36 ||    36
       Short sword       |       |    14 ||    14
  Use: Potion            |       |     2 ||     2
 Stab: Sleeping          |     5 |    11 ||    16
Armor: Skin              |     8 |     6 ||    14
Dodge: Dodged            |    27 |    28 ||    55

Table legend: (Time is in decaauts)
 A = Elapsed time spent in this place.
 B = Non-inter-level travel time spent in this place.
 C = Inter-level travel time spent in this place.
 D = Time resting spent in this place.
 E = Time spent auto-exploring this place.
 F = Levels seen in this place.
 G = Mean time per level.
                   A        B        C        D        E       F      G
               +--------+--------+--------+--------+--------+-----+--------+
         Total |   2908 |   2830 |     78 |    716 |   1657 |   3 |  969.3 |
       Dungeon |   2908 |   2830 |     78 |    716 |   1657 |   3 |  969.3 |
               +--------+--------+--------+--------+--------+-----+--------+

Top non-repeatable levels by time:
     D:3: 1269 daAuts
     D:1: 954 daAuts
     D:2: 684 daAuts
